 Dungeon Crawl Stone Soup version 0.29-a0-275-g389c0b56f3 (webtiles) character file.

Game seed: 16516959522226686386

8646 pokeman the Thaumaturge (level 11, -17/60 HPs)
             Began as a Deep Elf Hedge Wizard on Mar 10, 2022.
             Was a Believer of Vehumet.
             Demolished by a two-headed ogre
             ... wielding a +0 giant club
              (20 damage)
             ... on level 10 of the Dungeon.
             The game lasted 00:26:48 (11163 turns).

pokeman the Thaumaturge (Deep Elf Hedge Wizard)    Turns: 11163, Time: 00:26:49

Health: -17/60     AC: 12    Str:  7    XL:     11   Next: 12%
Magic:  13/31      EV: 11    Int: 29    God:    Vehumet [**....]
Gold:   161        SH:  0    Dex: 14    Spells: 27/39 levels left

rFire   + . .      SeeInvis .   m - +2 dagger (venom)
rCold   . . .      Faith    .   D - +0 buckler of the Old World {rC+ Int+5 Slay-6}
rNeg    . . .      Spirit   .   H - +0 acid dragon scales
rPois   .          Reflect  .   p - +0 helmet
rElec   .          Harm     .   z - +0 cloak
rCorr   +          Rampage  .   r - +2 pair of gloves {Stlth+}
Will    ++...                   (no boots)
Stlth   ++........              (no amulet)
HPRegen 0.20/turn               E - ring of fire
MPRegen 0.22/turn               j - ring of willpower

@: confused, on blink cooldown
A: no striking features
a: Renounce Religion


You were on level 10 of the Dungeon.
You worshipped Vehumet.
Vehumet was pleased with you.
You visited 2 branches of the dungeon, and saw 11 of its levels.

You collected 446 gold pieces.
You spent 285 gold pieces at shops.

Inventory:

Hand Weapons
 m - a +2 dagger of venom (weapon)
 n - a +3 hunting sling
 y - a +2 quarterstaff of chaos
Armour
 p - a +0 helmet (worn)
 r - a +2 pair of gloves of stealth (worn)
 z - a +0 cloak (worn)
 D - the +0 buckler of the Old World (worn) {rC+ Int+5 Slay-6}
   (You bought it in a shop on level 7 of the Dungeon)

   Int:       It affects your intelligence (+5).
   Slay:      It affects your accuracy & damage with ranged weapons and melee
   (-6).
   rC:        It protects you from cold.
 F - a +1 robe of cold resistance
 G - a +1 leather armour of willpower
 H - +0 acid dragon scales (worn)
Jewellery
 j - a ring of willpower (right hand)
 v - the necklace of Bloodlust {*Rage Will++ Int-3 Slay+6}
   (You found it on level 4 of the Dungeon)

   [amulet of nothing]

   It extends the wearer's berserk rage when killing foes.
   Int:       It affects your intelligence (-3).
   Slay:      It affects your accuracy & damage with ranged weapons and melee
   (+6).
   *Rage:     It berserks you when you make melee attacks (+50% chance).
   Will:      It greatly increases your willpower.
 x - a +6 ring of strength
 E - a ring of fire (left hand)
 K - a +6 ring of dexterity
Wands
 a - a wand of iceblast (26)
 C - a wand of acid (4)
 L - a wand of mindburst (9)
Scrolls
 e - a scroll of amnesia {unknown}
 g - 3 scrolls of teleportation {unknown}
 h - a scroll of magic mapping {unknown}
 i - 3 scrolls of fear {unknown}
 k - 16 scrolls of identify {unknown}
 l - a scroll of silence {unknown}
 q - 2 scrolls of blinking {unknown}
 t - 2 scrolls of noise {unknown}
 B - 2 scrolls of brand weapon {unknown}
Potions
 b - 2 potions of berserk rage {unknown}
 c - a potion of cancellation {unknown}
 d - 2 potions of magic
 f - 2 potions of haste {unknown}
 o - a potion of brilliance {unknown}
 s - 3 potions of degeneration {unknown}
 u - a potion of might {unknown}
 w - 3 potions of mutation {unknown}
 A - 3 potions of curing
 I - a potion of lignification {unknown}
 J - a potion of heal wounds {unknown}


   Skills:
 - Level 3.0 Fighting
 - Level 3.0 Armour
 - Level 3.2 Dodging
 - Level 3.0 Stealth
 + Level 4.1 Shields
 * Level 14.7 Spellcasting
 + Level 8.6 Conjurations
 - Level 1.1 Summonings
 - Level 1.1 Translocations
 + Level 7.8 Fire Magic
 - Level 1.0 Air Magic
 - Level 1.0 Poison Magic
 - Level 1.0 Evocations


You had 27 spell levels left.
You knew the following spells:

 Your Spells              Type           Power      Damage    Failure   Level
a - Magic Dart            Conj           100%       1d8       1%          1
b - Mephitic Cloud        Conj/Pois/Air  42%        N/A       3%          3
c - Call Imp              Summ           27%        N/A       5%          2
d - Blink                 Tloc           54%        N/A       5%          2
e - Conjure Flame         Conj/Fire      80%        6-21      1%          3
f - Foxfire               Conj/Fire      100%       2x1d9     1%          1

Your spell library contained the following spells:

 Spells                   Type           Power      Damage    Failure   Level
 Ignite Poison            Fire/Tmut/Pois 55%        N/A       4%          3
 Inner Flame              Hex/Fire       60%        N/A       3%          3
 Slow                     Hex            84%        N/A       5%          1
 Ozocubu's Armour         Ice            21%        N/A       16%         3
 Cause Fear               Hex            10%        N/A       47%         4
 Metabolic Englaciation   Hex/Ice        10%        N/A       83%         5
 Summon Cactus Giant      Summ           13%        N/A       99%         6
 Ozocubu's Refrigeration  Ice            10%        4d7       100%        7


Dungeon Overview and Level Annotations

Branches:
Dungeon (10/15)            Temple (1/1) D:4            Lair (0/6) D:10
    Orc: D:9-12

Altars:
Cheibriados
Fedhas
Gozag
Hepliaklqana
Kikubaaqudgha
Nemelex Xobeh
Okawaru
Ru
Vehumet
Xom
Yredelemnul
The Shining One

Shops:
D:7 [   D:8 :


Message History

The two-headed ogre is severely wounded.
Casting: Blink (safe; 5% risk of failure)
Confirm with . or Enter, or press ? or * to list all spells.
You feel a surge of power!
You conjure some foxfire!
Unknown command.
Casting: Foxfire (safe; 1% risk of failure)
Confirm with . or Enter, or press ? or * to list all spells.
You feel a surge of power!
You conjure some foxfire!
Unknown command.
You feel stable enough to blink again.
The foxfire hits the two-headed ogre but does no damage.
The two-headed ogre is severely wounded.
The foxfire hits the two-headed ogre but does no damage.
The two-headed ogre is severely wounded.
The foxfire hits the two-headed ogre!
The two-headed ogre is severely wounded.
The foxfire hits the two-headed ogre!
The two-headed ogre is almost dead.
Casting: Foxfire (safe; 1% risk of failure)
Confirm with . or Enter, or press ? or * to list all spells.
Aiming: Mephitic Cloud (dangerous; 3% risk of failure)
Press: ? - help, Shift-Dir - straight line, f - two-headed ogre
Aim: a two-headed ogre, wielding a +0 giant club and a +0 giant spiked club (almost dead, chance to affect: 53%)
The ball explodes into a vile cloud!
The stinking cloud engulfs the two-headed ogre but does no damage.
The two-headed ogre is almost dead.
You hear a shout!
The two-headed ogre is engulfed in noxious fumes.
Unknown command.
Casting: Mephitic Cloud (dangerous; 3% risk of failure)
Confirm with . or Enter, or press ? or * to list all spells.
You blink.
You are engulfed in noxious fumes.
You choke on the stench!
You are confused.
The two-headed ogre hits you with a +0 giant club!!
The two-headed ogre hits you with a +0 giant spiked club!!
* * * LOW HITPOINT WARNING * * *
You are engulfed in noxious fumes.
You choke on the stench!
You are more confused.
The two-headed ogre hits you with a +0 giant club!!
You die...

....########...
...............
..............y
............y..
...............
..........y.y.. #†#
############.######
#<...@............##
#..§O○○............#
###.##########...###
#.# #####...##### #..
............. ...
............. ....
............. #####
######.......
################.......


You could see a two-headed ogre.

Vanquished Creatures
  A hydra (D:9)
  Erica (D:9)
  3 two-headed ogres (D:9)
  Pikel (D:6)
  A cyclops (D:7)
  Joseph (D:7)
  Prince Ribbit (D:7)
  A vampire (D:7)
  A yak (shapeshifter) (D:8)
  Eustachio (D:5)
  A wyvern (D:9)
  Menkaure (D:7)
  An acid dragon (D:9)
  2 water moccasins
  An ice beast (D:5)
  2 sky beasts
  4 orc warriors
  2 black bears
  3 ogres
  4 lemures (D:6)
  2 centaurs
  2 kobold brigands
  3 bullfrogs
  A gnoll sergeant (D:8)
  4 scorpions (D:5)
  7 wights
  5 killer bees (D:10)
  2 howler monkeys (D:7)
  Crazy Yiuf (D:5)
  3 hounds
  3 orc priests
  2 iguanas
  8 orc wizards
  8 gnolls
  5 adders
  2 shadow imps
  2 worms
  A dart slug (D:1)
  31 orcs
  8 bats
  7 endoplasms
  3 giant cockroaches
  7 goblins
  7 hobgoblins
  2 jackals (D:4)
  3 quokkas
  7 ball pythons
  4 frilled lizards
  15 kobolds
  5 rats
  2 foxfires
195 creatures vanquished.

Vanquished Creatures (collateral kills)
  A necrophage (D:7)
1 creature vanquished.

Vanquished Creatures (others)
  367 foxfires
367 creatures vanquished.

Grand Total: 563 creatures vanquished

Notes
Turn   | Place    | Note
-------+----------+-------------------------------------------
     0 | D:1      | pokeman the Deep Elf Hedge Wizard began the quest for the
                  | Orb.
     0 | D:1      | Reached XP level 1. HP: 10/10 MP: 7/7
   356 | D:1      | Reached XP level 2. HP: 15/15 MP: 1/9
   582 | D:1      | Found a faded altar of an unknown god.
  1473 | D:2      | Reached skill level 5 in Spellcasting
  1618 | D:2      | Reached XP level 3. HP: 20/20 MP: 9/11
  1622 | D:2      | Learned a level 3 spell: Mephitic Cloud
  1625 | D:2      | Learned a level 2 spell: Call Imp
  1628 | D:2      | Learned a level 2 spell: Blink
  1632 | D:2      | Learned a level 3 spell: Conjure Flame
  2018 | D:2      | Reached skill level 1 in Armour
  2125 | D:2      | You fall into a shaft and drop 2 floors!
  2191 | D:4      | Reached skill level 1 in Fighting
  2235 | D:4      | Reached XP level 4. HP: 16/25 MP: 0/13
  2243 | D:4      | Reached skill level 1 in Fire Magic
  2358 | D:4      | Noticed an ogre
  2369 | D:4      | Killed an ogre
  2370 | D:4      | Reached skill level 6 in Spellcasting
  2370 | D:4      | Reached XP level 5. HP: 29/29 MP: 4/15
  2488 | D:4      | Reached skill level 1 in Air Magic
  4166 | D:4      | Reached skill level 1 in Poison Magic
  4166 | D:4      | Reached XP level 6. HP: 31/34 MP: 6/17
  4246 | D:4      | Found a staircase to the Ecumenical Temple.
  4256 | Temple   | Entered the Ecumenical Temple
  4283 | Temple   | Became a worshipper of Vehumet
  4393 | D:4      | Found the necklace of Bloodlust {*Rage Will++ Int-3 Slay+6}
  4450 | D:5      | Entered Level 5 of the Dungeon
  4450 | D:5      | Noticed a sky beast
  4459 | D:5      | Killed a sky beast
  4460 | D:5      | Reached skill level 7 in Spellcasting
  4460 | D:5      | Reached skill level 1 in Evocations
  4533 | D:5      | Noticed an ice beast
  4566 | D:5      | Killed an ice beast
  4813 | D:5      | Reached XP level 7. HP: 39/39 MP: 15/20
  4856 | D:5      | Found a runed translucent door.
  4857 | D:5      | Noticed Crazy Yiuf
  4866 | D:5      | Killed Crazy Yiuf
  5146 | D:5      | Reached skill level 8 in Spellcasting
  5401 | D:5      | Noticed Eustachio
  5412 | D:5      | Killed Eustachio
  5413 | D:5      | Reached XP level 8. HP: 44/44 MP: 19/22
  5512 | D:5      | Reached skill level 9 in Spellcasting
  6085 | D:6      | Reached skill level 5 in Conjurations
  6283 | D:6      | Noticed Pikel
  6302 | D:6      | Killed Pikel
  6303 | D:6      | Reached skill level 10 in Spellcasting
  6733 | D:7      | Reached XP level 9. HP: 43/48 MP: 22/25
  6742 | D:7      | Reached * piety under Vehumet
  6742 | D:7      | Offered knowledge of Foxfire by Vehumet.
  6745 | D:7      | Learned a level 1 spell: Foxfire
  6976 | D:7      | Reached skill level 11 in Spellcasting
  7048 | D:7      | Found Deigiul's Antique Armour Emporium.
  7056 | D:7      | Bought a jewelled buckler for 285 gold pieces
  7056 | D:7      | Identified the +0 buckler of the Old World {rC+ Int+5
                  | Slay-6} (You bought it in a shop on level 7 of the Dungeon)
  7079 | D:7      | Reached skill level 5 in Fire Magic
  7084 | D:7      | Noticed Prince Ribbit
  7101 | D:7      | Killed Prince Ribbit
  7509 | D:7      | Noticed a cyclops
  7531 | D:7      | Killed a cyclops
  7532 | D:7      | Reached skill level 1 in Shields
  7532 | D:7      | Reached skill level 12 in Spellcasting
  7749 | D:7      | Noticed Menkaure
  7771 | D:7      | Killed Menkaure
  8121 | D:7      | Noticed Joseph
  8131 | D:7      | Killed Joseph
  8132 | D:7      | Reached XP level 10. HP: 56/56 MP: 15/28
  8372 | D:8      | Found Vinacuepn's Book Shoppe.
  8983 | D:8      | Reached ** piety under Vehumet
  8983 | D:8      | Offered knowledge of Freeze by Vehumet.
  9268 | D:8      | Got the Papyrus of Supportive Enchantment
  9361 | D:9      | Noticed a two-headed ogre
  9553 | D:9      | Noticed a two-headed ogre
  9556 | D:9      | Reached skill level 13 in Spellcasting
  9590 | D:9      | Killed a two-headed ogre
 10022 | D:9      | Noticed a four-headed hydra
 10040 | D:9      | Identified the +0 chain mail of Hopscotch {Rampage Str+2
                  | Int-3 Dex+5}
 10100 | D:9      | Noticed a two-headed ogre
 10105 | D:9      | Killed a four-headed hydra
 10124 | D:9      | Killed a two-headed ogre
 10125 | D:9      | Reached skill level 14 in Spellcasting
 10347 | D:9      | Killed a two-headed ogre
 10602 | D:9      | Noticed Erica
 10613 | D:9      | Killed Erica
 10614 | D:9      | Reached XP level 11. HP: 36/60 MP: 18/31
 10970 | D:10     | Entered Level 10 of the Dungeon
 10970 | D:10     | Found a staircase to the Lair.
 11141 | D:10     | Noticed a two-headed ogre
 11151 | D:10     | Offered knowledge of Ignite Poison by Vehumet.
 11162 | D:10     | HP: 3/60 [two-headed ogre/+0 giant club (26)]
 11163 | D:10     | Demolished by a two-headed ogre

Illustrated notes

Levels and vault maps discovered:
D:1:      evilmike_arrival_rings, layout_basic,
          shapermc_ecumenical_altar_acropolis
D:2:      minmay_wonky_spiral, layout_rooms, minmay_misc_feat_encased,
          minmay_misc_feat_chi, small_statue_intersection,
          minmay_close_crescents
D:3:      layout_basic
D:4:      layout_loops_ring, minmay_temple_entry_junction,
          minmay_tree_intersection
D:5:      wander_river, layout_basic, uniq_crazy_yiuf_cottage, uniq_eustachio
D:6:      nicolae_cairo_tiling_large, layout_basic, uniq_pikel
D:7:      layout_loops_ring, serial_shops, shop, kennysheep_pointless_box,
          kennysheep_generic_room_16, uniq_joseph, uniq_menkaure,
          uniq_prince_ribbit1
D:8:      layout_basic, serial_shops, shop, kennysheep_windowed_goal
D:9:      layout_stronghold, grunt_ministairs_9, uniq_erica
D:10:     layout_long_grid, mainiacjoe_overflow_alcove_1, lair_entry_dummy,
          hiddenorc1_lemuel, minmay_misc_feat_five, kennysheep_big_empty_room
Temple:   compressed_dpeg_triangle_lava_temple

Skill      XL: |  1  2  3  4  5  6  7  8  9 10 |
---------------+-------------------------------+-----
Spellcasting   | 5 6 7 8 10 12 14 | 14.7
Conjurations   | 2 3 4 5 7 8 |  8.6
Armour         | 1 3 |  3.0
Fighting       | 1 2 3 |  3.0
Fire Magic     | 1 3 4 6 7 |  7.8
Dodging        | 3 |  3.2
Air Magic      | 1 |  1.0
Stealth        | 3 |  3.0
Poison Magic   | 1 |  1.0
Evocations     | 1 |  1.0
Shields        | 1 4 |  4.1
Summonings     | |  1.1
Translocations | |  1.1

Action                   |  1- 3 |  4- 6 |  7- 9 | 10-12 || total
-------------------------+-------+-------+-------+-------++-------
Melee: Dagger            |    20 |    36 |   121 |    30 ||   207
       Punch             |       |       |     4 |       ||     4
 Fire: Hunting sling     |       |    16 |    23 |       ||    39
 Cast: Magic Dart        |   111 |    79 |    26 |     4 ||   220
       Mephitic Cloud    |     2 |     2 |    19 |    21 ||    44
       Conjure Flame     |     1 |     4 |    13 |    18 ||    36
       Call Imp          |       |     2 |     2 |     1 ||     5
       Blink             |       |       |     1 |     8 ||     9
       Foxfire           |       |       |    64 |   142 ||   206
Evoke: Wand              |       |       |       |     1 ||     1
 Stab: Sleeping          |     1 |     2 |     1 |       ||     4
       Confused          |     2 |     3 |    11 |     5 ||    21
Armor: Robe              |    12 |       |       |       ||    12
       Leather armour    |     5 |     9 |    32 |    16 ||    62
Dodge: Dodged            |    31 |    22 |    47 |    27 ||   127
Block: Buckler           |       |       |       |     1 ||     1

Table legend: (Time is in decaauts)
 A = Elapsed time spent in this place.
 B = Non-inter-level travel time spent in this place.
 C = Inter-level travel time spent in this place.
 D = Time resting spent in this place.
 E = Time spent auto-exploring this place.
 F = Levels seen in this place.
 G = Mean time per level.
                   A        B        C        D        E       F      G
               +--------+--------+--------+--------+--------+-----+--------+
         Total |  11206 |  10955 |    251 |    639 |   8623 |  11 | 1018.7 |
       Dungeon |  11159 |  10926 |    233 |    639 |   8607 |  10 | 1115.9 |
        Temple |     46 |     28 |     18 |      0 |     16 |   1 |   46.0 |
               +--------+--------+--------+--------+--------+-----+--------+

Top non-repeatable levels by time:
     D:7: 1673 daAuts
     D:9: 1605 daAuts
     D:1: 1363 daAuts
     D:4: 1246 daAuts
     D:5: 1243 daAuts
     D:2: 1101 daAuts
     D:8: 1087 daAuts
     D:6: 952 daAuts
     D:3: 692 daAuts
    D:10: 192 daAuts
  Temple: 46 daAuts
